 Dungeon Crawl Stone Soup version 0.31-a0-1172-g9944ec47dd (webtiles) character file.

Game seed: 15309091782896851225

53 graki42 the Ducker (level 3, 26/26 HPs)
             Began as an Octopode Fighter on Dec 10, 2023.
             Quit the game on level 2 of the Dungeon.
             The game lasted 00:02:32 (1644 turns).

graki42 the Ducker (Octopode Fighter)               Turns: 1644, Time: 00:02:32

Health: 26/26      AC:  1    Str: 15    XL:     3   Next: 87%
Magic:  3/3        EV: 19    Int: 10    God:
Gold:   159        SH:  0    Dex: 13    Spells: 2/2 levels left

rFire   . . .        a - +0 rapier
rCold   . . .        (no shield)
rNeg    . . .        (helmet restricted)
rPois   +            (no amulet)
rElec   .            g - +5 ring of evasion
rCorr   +            h - ring of resist corrosion
SInv    .            i - ring of poison resistance
Will    .....        (no ring)
Stlth   +++          (no ring)
HPRegen 0.24/turn    (no ring)
MPRegen 0.08/turn    (no ring)
                     (no ring)

%: no passive effects
@: no status effects
A: almost no armour, amphibious, 8 rings, camouflage 1, gelatinous body 1,
(nimble swimmer 1), tentacles
a: no special abilities


You were on level 2 of the Dungeon.
You visited 1 branch of the dungeon, and saw 2 of its levels.

You collected 159 gold pieces.

Inventory:

Hand Weapons
 a - a +0 rapier (weapon)
Jewellery
 g - a +5 ring of evasion (left tentacle)
 h - a ring of resist corrosion (right tentacle)
 i - a ring of poison resistance (on tentacle)
Scrolls
 d - 2 scrolls of fear {unknown}
 e - a scroll of fog {unknown}
 f - 2 scrolls of teleportation {unknown}
 j - a scroll of noise {unknown}
 k - a scroll of torment {unknown}
Potions
 c - a potion of might
 l - 2 potions of degeneration {unknown}
 m - 2 potions of mutation {unknown}


   Skills:
 + Level 3.3 Fighting
 + Level 2.4 Short Blades
 + Level 3.3 Dodging
 + Level 1.9 Stealth
 - Level 3.3 Shields


You had 2 spell levels left.
You didn't know any spells.
Your spell library contained the following spells:

 Spells                   Type           Power      Damage    Failure   Level
 Cigotuvi's Dreadful Rot  Necr/Pois/Air  0%         N/A       50%         2
 Static Discharge         Conj/Air       0%         3-3/arc   50%         2
 Airstrike                Air            0%         2d(0-16)  98%         4
 Dispel Undead            Necr           0%         3d6       98%         4
 Summon Lightning Spire   Summ/Air       0%         N/A       98%         4
 Death Channel            Necr           0%         N/A       100%        6


Dungeon Overview and Level Annotations

Branches:
Dungeon (2/15)

Altars:


Innate Abilities, Weirdness & Mutations

You cannot wear most types of armour.
You are amphibious.
You can wear up to eight rings at the same time.
Your skin changes colour to match your surroundings (Stealth+).
Your rubbery body absorbs attacks. (AC +1, EV +1)
((You are camouflaged when in or above water. (Stealth+)))
You have tentacles for arms and can constrict up to eight enemies at once.


Message History

You now have 159 gold pieces (gained 14).
An adder comes into view.
The adder hisses angrily.
You closely miss the adder. Your grab misses the adder. You squeeze the adder!
The adder is severely wounded.
The adder bites you.
You closely miss the adder. You grab the adder.
The adder is severely wounded.
You constrict the adder. The adder bites you.
You hit the adder.
The adder is almost dead.
You constrict the adder.
You kill the adder!
You see here an adder corpse.
Found a stone staircase leading up.
d - 2 scrolls labelled NAUSUONOEFU (gained 1)
There is a stone staircase leading up here.
Found 4 poisoned darts.
l - 2 puce potions (gained 1)
There is an open door here.
You open the door.
There is an open door here.
An adder comes into view.
The helpless adder fails to defend itself.
You puncture the adder!
You kill the adder!
There is an open door here.
There is an open door here.
There is an open door here.
There is an open door here.
There is an open door here.
You see here a +0 tower shield.
You see here a +0 buckler.
There is a stone staircase leading down here.
There is an open door here.
You open the door.
There is an open door here.
Done exploring.
Done exploring.
Are you sure you want to abandon this character and quit the game? (Confirm with "yes".)

#####....## #####
#..........
#...###.###.....#
#...........#.#.#
#...###.#####.#.#
##.## #.# #.#.# #.#
#.#####+#.# ####.##
#.........# #.@...#
#####.....#
#.##..## ##.......
#.##...####........
#.#.......'........
#.#....####........
#.#.#.## ##.......
#.#.#.# ##.....#
#.....# ##...##
###.### ##'##


There were no monsters in sight!

Vanquished Creatures
  2 adders (D:2)
  A worm (D:2)
  2 dart slugs (D:1)
  3 endoplasms
  2 giant cockroaches (D:1)
  3 goblins
  A hobgoblin (D:1)
  4 jackals (D:2)
  A quokka (D:1)
  3 ball pythons (D:1)
  2 bats (D:2)
  2 rats (D:2)
26 creatures vanquished.

Notes
Turn   | Place    | Note
-------+----------+-------------------------------------------
     0 | D:1      | graki42 the Octopode Fighter began the quest for the Orb.
     0 | D:1      | Reached XP level 1. HP: 16/16 MP: 1/1
   144 | D:1      | Reached XP level 2. HP: 21/21 MP: 2/2
   386 | D:1      | Reached skill level 1 in Stealth
   792 | D:2      | Found a faded altar of an unknown god.
  1014 | D:2      | Reached XP level 3. HP: 26/26 MP: 3/3
  1644 | D:2      | Quit the game

Illustrated notes

Levels and vault maps discovered:
D:1:      ncdulo_smallfort, layout_basic
D:2:      layout_loops_corners, dreamdust_ecumenical_altar_statues

Skill      XL: |  1  2 |
---------------+-------+-----
Stealth        | 1 |  1.9
Fighting       | |  3.3
Short Blades   | |  2.4
Dodging        | |  3.3
Shields        | |  3.3

Action                     || total
---------------------------++-------
  Melee: Rapier            ||    54
         Constrict         ||    12
         Tentacles         ||     8
   Stab: Sleeping          ||     8
 Armour: Skin              ||    21
  Dodge: Dodged            ||    40
  Block: Buckler           ||     2

Table legend: (Time is in decaauts)
 A = Elapsed time spent in this place.
 B = Non-inter-level travel time spent in this place.
 C = Inter-level travel time spent in this place.
 D = Time resting spent in this place.
 E = Time spent auto-exploring this place.
 F = Levels seen in this place.
 G = Mean time per level.
                   A        B        C        D        E       F      G
               +--------+--------+--------+--------+--------+-----+--------+
         Total |   1648 |   1637 |     11 |      0 |   1446 |   2 |  824.0 |
       Dungeon |   1648 |   1637 |     11 |      0 |   1446 |   2 |  824.0 |
               +--------+--------+--------+--------+--------+-----+--------+

Top non-repeatable levels by time:
     D:2: 882 daAuts
     D:1: 766 daAuts
